 Dungeon Crawl Stone Soup version 0.28.0 (webtiles) character file.

Game seed: 18369232430480026432

118811 jr88keys the Tortoise (level 16, -14/159 HPs)
             Began as a Minotaur Berserker on Feb 10, 2022.
             Was a High Priest of Trog.
             Blown up by an orb spider (47 damage)
             ... with an orb of destruction
             ... on level 1 of the Spider Nest on Feb 15, 2022.
             The game lasted 00:59:48 (34734 turns).

jr88keys the Tortoise (Minotaur Berserker)         Turns: 34734, Time: 00:59:48

Health: -14/159    AC: 23    Str: 25    XL:     16   Next: 26%
Magic:  15/15      EV: 15    Int:  7    God:    Trog [*****.]
Gold:   1320       SH:  0    Dex: 15    Spells: 15/15 levels left

rFire   + + +      SeeInvis .   M - +7 great mace "Firestarter" {inner flame, rF++}
rCold   . . .      Faith    +   (shield currently unavailable)
rNeg    . . .      Spirit   .   m - +0 plate armour
rPois   +          Reflect  .   r - +0 hat of Edik {rPois rCorr}
rElec   .          Harm     .   K - +0 cloak
rCorr   +          Rampage  .   (no gloves)
Will    +....                   f - +0 pair of boots
Stlth   ..........              O - amulet of faith
HPRegen 0.36/turn               J - ring "Ezefag" {rPois Int+3}
MPRegen 0.14/turn               L - ring of protection from fire

@: no status effects
A: horns 2, retaliatory headbutt
a: Renounce Religion, Berserk, Trog's Hand, Brothers in Arms


You were on level 1 of the Spider Nest.
You worshipped Trog.
Trog was extremely pleased with you.
You visited 4 branches of the dungeon, and saw 24 of its levels.
You also visited: Sewer.

You collected 3913 gold pieces.
You spent 2593 gold pieces at shops.

Inventory:

Hand Weapons
 a - a +3 war axe
 b - a +2 hand axe of flaming
 s - a +1 war axe
 u - a +1 demon whip of venom
 G - a +3 antimagic great mace
 M - the +7 great mace "Firestarter" (weapon) {inner flame, rF++}
   (You bought it in a shop on level 15 of the Dungeon)

   It burns those it strikes, dealing additional fire damage.
   It fills those it strikes with an explosive inner flame.
   It grants immunity to clouds of flame.
   rF:        It greatly protects you from fire.
Missiles
 j - 10 javelins (quivered)
 N - 2 throwing nets
Armour
 f - a +0 pair of boots (worn)
 m - a +0 plate armour (worn)
 r - the +0 hat of Edik (worn) {rPois rCorr}
   (You bought it in a shop on level 2 of the Orcish Mines)

   rPois:     It protects you from poison.
   rCorr:     It protects you from acid and corrosion.
 K - a +0 cloak (worn)
Jewellery
 q - the ring "Vonecuf" {Ice rElec}
   (You found it on level 9 of the Dungeon)

   [ring of ice]

   It enhances your ice magic.
   rF:        It makes you vulnerable to fire.
   rC:        It protects you from cold.
   rElec:     It insulates you from electricity.
 F - a +4 ring of slaying
 J - the ring "Ezefag" (left hand) {rPois Int+3}
   (You found it on level 13 of the Dungeon)

   [ring of poison resistance]

   Int:       It affects your intelligence (+3).
   rPois:     It protects you from poison.
 L - a ring of protection from fire (right hand)
 O - an amulet of faith (around neck)
Wands
 x - a wand of acid (4)
 z - a wand of polymorph (6)
 B - a wand of paralysis (8)
 D - a wand of digging (4)
Scrolls
 d - 4 scrolls of magic mapping
 g - 10 scrolls of teleportation
 i - 3 scrolls of blinking
 k - 5 scrolls of fear
 o - 9 scrolls of identify
 p - 3 scrolls of enchant armour
 v - 3 scrolls of immolation
 w - 5 scrolls of enchant weapon
 y - 3 scrolls of holy word
 E - 2 scrolls of fog
Potions
 c - 3 potions of haste
 e - 3 potions of cancellation
 h - 11 potions of curing
 t - 2 potions of lignification
 A - 4 potions of ambrosia
 C - 2 potions of resistance
 H - 2 potions of flight
 I - 3 potions of might


   Skills:
 + Level 18.4 Fighting
 - Level 14.4(15.8) Axes
 * Level 11.2(14.3) Maces & Flails
 + Level 20.9 Armour
 - Level 15.7 Dodging


You had 15 spell levels left.
You didn't know any spells.
Your spell library was empty.

Dungeon Overview and Level Annotations

Branches:
Dungeon (15/15)            Temple (0/1) D:7            Lair (6/6) D:8
 Shoals (0/4) Lair:2       Spider (1/4) Lair:4        Slime (0/5) Lair:6
    Orc (2/2) D:9             Elf (0/3) Orc:2        Vaults (0/5) D:13
 Depths (0/4) D:15          Sewer (visited)

Altars:
Gozag
Sif Muna
Xom
Beogh
Jiyva

Shops:
D:1 (   D:6 *   D:8 =   D:12 *   D:15 *   Orc:2 ?=[(?

Annotations:
D:8 2 transporters
D:12 3 runed translucent doors, Plog's ghost, journeyman DgVM; Uwkeq's ghost, journeyman MiFi
D:15 Roxanne
Lair:2 1 runed translucent door, Jishaun's ghost, journeyman DDFi


Innate Abilities, Weirdness & Mutations

You have a pair of horns on your head.
You reflexively headbutt those who attack you in melee.


Message History

Press: ? - help, Q - select action, (/) - cycle Shift-Dir - straight line, f - redback
Aim: a redback (almost dead, 62% to hit)
You throw a javelin.
The javelin pierces through the redback!
You kill the redback!
Trog accepts your kill.
The orb spider begins to weave its threads into a brightly glowing ball.
The orb of destruction hits you!!!
* * * LOW HITPOINT WARNING * * *
You feel better.
You feel better.
Your skin stops crawling.
You feel less strong-willed.
Throw: 14 javelins
Press: ? - help, Q - select action, (/) - cycle Shift-Dir - straight line, f - orb spider
Aim: an orb spider (fully charged, 68% to hit)
You throw a javelin.
The javelin pierces through the orb spider!
The orb spider is moderately wounded.
Throw: 13 javelins
Press: ? - help, Q - select action, (/) - cycle Shift-Dir - straight line, f/p - orb spider
Aim: an orb spider (moderately wounded, fully charged, 68% to hit)
You throw a javelin.
The javelin pierces through the orb spider.
The orb spider is moderately wounded.
Throw: 12 javelins
Press: ? - help, Q - select action, (/) - cycle Shift-Dir - straight line, f/p - orb spider
Aim: an orb spider (moderately wounded, fully charged, 68% to hit)
You throw a javelin.
The javelin pierces through the orb spider!
The orb spider is severely wounded.
The orb spider weaves a glowing orb of energy.
An orb of destruction comes into view.
Throw: 11 javelins
Press: ? - help, Q - select action, (/) - cycle Shift-Dir - straight line, f/p - orb spider
Aim: an orb spider (severely wounded, 68% to hit)
You throw a javelin.
The javelin pierces through the orb spider.
The orb spider is severely wounded.
The orb of destruction hits you!!!
You die...

..........#..##
.........##..(#
....(....(....#
....:..†).....#
..............#
........))..#s# #
.........)..(☼## #
............#○.# #
......#...†.#@.## #
.....#.....###..#### #
........#.##^......##
....^.######........##
.....# #..^...#...#
^.### #..........#
##..##.##..# #####
#######..#### #..##
#..###.###....


You could see an orb spider.

Vanquished Creatures
  Kirke (D:15)
  Agnes (D:15)
  A broodmother (Spider:1)
  A dire elephant (D:15)
  An entropy weaver (Spider:1)
  Snorg (D:13)
  10 hydras
  Harold (Orc:1)
  3 boulder beetles
  3 catoblepae
  7 two-headed ogres
  3 tengu warriors
  7 centaur warriors
  6 death yaks
  A deep troll shaman (Lair:6)
  Sonja (D:13)
  Nergalle (Orc:1)
  3 orb spiders
  A lindwurm (Lair:5)
  4 skeletal warriors (D:13)
  2 steelbarb worms
  A wizard (D:13)
  A deep elf pyromancer (D:13)
  12 orc knights
  A harpy (shapeshifter) (D:15)
  4 wolf spiders
  2 orc sorcerers
  16 ugly things
  8 cyclopes
  5 manticores
  19 elephants
  9 black mambas
  A torpor snail (Spider:1)
  An efreet (D:14)
  3 yaktaurs
  23 cane toads
  An unseen horror (D:13)
  4 rime drakes
  12 komodo dragons
  2 demonic crawlers
  A tengu conjurer (D:14)
  A queen bee (Lair:4)
  8 trolls
  6 meliai
  4 polar bears
  Prince Ribbit (D:9)
  13 blink frogs
  4 tarantellas (Spider:1)
  A wind drake (Lair:2)
  8 slime creatures
  Grinder (D:6)
  2 hornets (Lair:5)
  A blink frog (shapeshifter) (D:15)
  Sigmund (D:2)
  8 culicivoras
  A shadow (D:10)
  6 jumping spiders (Spider:1)
  3 wraiths
  5 basilisks
  Eustachio (D:4)
  44 yaks
  6 wyverns
  A human (D:15)
  6 vampire mosquitoes
  11 redbacks (Spider:1)
  Menkaure (D:6)
  8 wargs
  14 water moccasins
  Duvessa (D:7)
  2 black bears
  46 orc warriors
  An ice beast (D:5)
  A hornet zombie (D:8)
  2 swamp drakes (Lair:3)
  A necrophage (D:6)
  26 wolves
  4 ogres
  24 centaurs
  2 phantoms
  16 bullfrogs
  Blork the orc (D:4)
  3 scorpions
  Dowan (D:7)
  22 killer bees (Lair:4)
  2 howler monkeys
  3 wights (D:10)
  7 electric eels
  5 centaur zombies
  A jelly (D:7)
  3 gnoll shamans
  19 orc priests
  2 hounds
  Jessica (D:3)
  3 iguanas
  17 orc wizards
  7 hell rats (Lair:6)
  A killer bee zombie (D:6)
  A hound skeleton (D:5)
  A howler monkey zombie (D:7)
  14 adders
  15 gnolls
  A shadow imp (D:6)
  2 white imps
  An ufetubus (D:2)
  A worm (D:2)
  102 orcs
  15 endoplasms
  9 giant cockroaches
  3 goblins
  8 hobgoblins
  9 quokkas
  24 ball pythons
  8 bats
  6 frilled lizards (Sewer)
  4 kobolds
  5 rats
804 creatures vanquished.

Vanquished Creatures (collateral kills)
  2 cane toads
  A yak (Lair:5)
3 creatures vanquished.

Vanquished Creatures (others)
  3 humans (D:15)
  A centaur (D:15)
  33 fungi
  74 plants
  6 withered plants (D:12)
117 creatures vanquished.

Grand Total: 924 creatures vanquished

Notes
Turn   | Place    | Note
-------+----------+-------------------------------------------
     0 | D:1      | jr88keys the Minotaur Berserker began the quest for the
                  | Orb.
     0 | D:1      | Reached XP level 1. HP: 19/19 MP: 0/0
   131 | D:1      | Reached XP level 2. HP: 12/27 MP: 1/1
   394 | D:1      | Found Acet's Antique Weapon Shop.
   672 | D:1      | Reached ** piety under Trog
   746 | D:1      | Reached skill level 3 in Armour
   798 | D:1      | Reached XP level 3. HP: 33/33 MP: 2/2
   822 | D:2      | Noticed Sigmund
   834 | D:2      | Killed Sigmund
   835 | D:2      | Reached skill level 5 in Axes
   835 | D:2      | Reached skill level 4 in Armour
   835 | D:2      | Reached XP level 4. HP: 41/41 MP: 3/3
   835 | D:2      | Reached XP level 5. HP: 47/47 MP: 4/4
  1309 | D:2      | Reached skill level 5 in Fighting
  1794 | D:3      | Noticed Jessica
  1800 | D:3      | Reached XP level 6. HP: 56/56 MP: 5/5
  1803 | D:3      | Killed Jessica
  2039 | D:3      | Identified the +4 hunting sling of Arbitration {vorpal,
                  | Dex+3}
  2080 | D:3      | Reached *** piety under Trog
  2210 | D:3      | Found a glowing drain.
  2222 | D:3      | Found a faded altar of an unknown god.
  2238 | Sewer    | Entered a sewer
  2500 | Sewer    | Reached skill level 5 in Armour
  2500 | Sewer    | Reached XP level 7. HP: 61/61 MP: 6/6
  3621 | D:4      | Noticed Blork the orc
  3639 | D:4      | Killed Blork the orc
  3772 | D:4      | Noticed Eustachio
  3778 | D:4      | Reached **** piety under Trog
  3784 | D:4      | Killed Eustachio
  3785 | D:4      | Reached skill level 6 in Armour
  3785 | D:4      | Reached XP level 8. HP: 71/71 MP: 7/7
  4188 | D:5      | Entered Level 5 of the Dungeon
  5746 | D:6      | Noticed Menkaure
  6003 | D:6      | Killed Menkaure
  6004 | D:6      | Reached skill level 10 in Axes
  6004 | D:6      | Reached skill level 7 in Armour
  6182 | D:6      | Reached XP level 9. HP: 72/81 MP: 8/8
  6379 | D:6      | Found Qeuruab's Fire Supplies.
  6631 | D:6      | Noticed Grinder
  6636 | D:6      | Paralysed by Grinder for 7 turns
  6646 | D:6      | Killed Grinder
  6993 | D:7      | Found a staircase to the Ecumenical Temple.
  7226 | D:7      | Reached skill level 8 in Armour
  7355 | D:7      | Noticed Dowan
  7373 | D:7      | Killed Dowan
  7380 | D:7      | Noticed Duvessa
  7407 | D:7      | Killed Duvessa
  7637 | D:7      | Found an opulent altar of Gozag.
  7875 | D:8      | Found Pudeefao's Jewellery Shoppe.
  8039 | D:8      | Found a staircase to the Lair.
  8485 | D:8      | Found a transporter.
  8892 | D:8      | Found a transporter.
  9010 | D:9      | Reached skill level 9 in Armour
  9010 | D:9      | Reached XP level 10. HP: 81/91 MP: 9/9
  9015 | D:9      | Identified the ring "Vonecuf" {Ice rElec}
  9401 | D:9      | Noticed Prince Ribbit
  9420 | D:9      | Killed Prince Ribbit
 10048 | D:9      | Found a staircase to the Orcish Mines.
 10236 | D:9      | Reached skill level 10 in Fighting
 10476 | D:10     | Entered Level 10 of the Dungeon
 10505 | D:10     | Reached skill level 10 in Armour
 10987 | D:10     | Reached skill level 1 in Maces & Flails
 11136 | D:10     | Reached XP level 11. HP: 101/101 MP: 10/10
 11234 | Lair:1   | Entered Level 1 of the Lair of Beasts
 11367 | Lair:1   | Reached ***** piety under Trog
 11599 | Lair:1   | Noticed a seven-headed hydra
 11610 | Lair:1   | Killed a seven-headed hydra
 11611 | Lair:1   | Reached skill level 5 in Maces & Flails
 11611 | Lair:1   | Reached skill level 11 in Armour
 12345 | Lair:2   | Noticed a death yak
 12346 | Lair:2   | Noticed a death yak
 12480 | Lair:2   | Killed a death yak
 12482 | Lair:2   | Noticed a death yak
 12485 | Lair:2   | Killed a death yak
 12486 | Lair:2   | Reached skill level 12 in Armour
 12615 | Lair:2   | Killed a death yak
 12616 | Lair:2   | Reached XP level 12. HP: 113/113 MP: 11/11
 12658 | Lair:2   | Found a runed translucent door.
 12766 | Lair:2   | Found a shimmering altar of Xom.
 12766 | Lair:2   | Noticed Jishaun's ghost (journeyman DDFi)
 12961 | Lair:2   | Found a staircase to the Shoals.
 13256 | Lair:2   | Reached skill level 13 in Armour
 13573 | Lair:2   | Identified the +3 chain mail of Insurance {rF- rN+ Regen+
                  | Int+4}
 13971 | Lair:3   | Noticed a four-headed hydra
 13990 | Lair:3   | Killed a four-headed hydra
 14282 | Lair:3   | Reached skill level 5 in Dodging
 14650 | Lair:3   | Received a gift from Trog
 15261 | Lair:4   | Reached skill level 14 in Armour
 16006 | Lair:4   | Reached XP level 13. HP: 124/124 MP: 12/12
 16091 | Lair:4   | Found a hole to the Spider Nest.
 17694 | Lair:5   | Reached skill level 15 in Armour
 18300 | Lair:5   | Reached skill level 15 in Fighting
 18365 | Lair:5   | Reached skill level 10 in Dodging
 19162 | Lair:5   | Reached skill level 16 in Armour
 19302 | Lair:5   | Identified a scroll of acquirement
 19302 | Lair:5   | Acquired 899 gold pieces
 19309 | Lair:6   | Entered Level 6 of the Lair of Beasts
 20486 | Lair:6   | Reached XP level 14. HP: 135/135 MP: 13/13
 20862 | Lair:6   | Found a staircase to the Slime Pits.
 20869 | Lair:6   | Found a viscous altar of Jiyva.
 21045 | Lair:6   | Reached skill level 17 in Armour
 21906 | Lair:6   | Identified the +0 ring mail of Inviolability {Str+9}
 22467 | D:11     | Found a shimmering blue altar of Sif Muna.
 22762 | D:11     | Received a gift from Trog
 23250 | D:12     | Reached skill level 18 in Armour
 23419 | D:12     | Identified the +2 chain mail of the Pits of Slime {rF-
                  | Int+4 Stlth+}
 23657 | D:12     | Found a runed translucent gate.
 23658 | D:12     | Found a runed translucent gate.
 23659 | D:12     | Found a runed translucent gate.
 23661 | D:12     | Noticed Plog's ghost (journeyman DgVM)
 23661 | D:12     | Noticed Uwkeq's ghost (journeyman MiFi)
 23769 | D:12     | Found Ywnoehal's CLEARANCE SALE!.
 24896 | D:13     | Identified the ring "Ezefag" {rPois Int+3}
 25099 | D:13     | Reached XP level 15. HP: 65/146 MP: 14/14
 25367 | D:13     | Noticed Sonja
 25372 | D:13     | Killed Sonja
 25843 | D:13     | Reached skill level 19 in Armour
 26490 | D:13     | Found a gate to the Vaults.
 26490 | D:13     | Noticed Snorg
 26501 | D:13     | Killed Snorg
 27176 | D:14     | Reached skill level 15 in Dodging
 27673 | D:14     | Received a gift from Trog
 28213 | D:14     | Acquired a ring of protection from fire
 28230 | D:15     | Entered Level 15 of the Dungeon
 28596 | D:15     | Identified Roxanne's Grimoire of Shape Shifting
 28596 | D:15     | Noticed Roxanne
 28652 | D:15     | Found a staircase to the Depths.
 28683 | D:15     | Reached skill level 20 in Armour
 28830 | D:15     | Noticed Agnes
 28840 | D:15     | Killed Agnes
 29281 | D:15     | Found Macebliu's Mayhem Merchandise.
 29290 | D:15     | Bought the +7 great mace "Firestarter" {inner flame, rF++}
                  | for 1068 gold pieces
 29290 | D:15     | Found the +7 great mace "Firestarter" {inner flame, rF++}
 29303 | D:15     | Noticed Kirke
 29325 | D:15     | Killed Kirke
 29911 | Orc:1    | Entered Level 1 of the Orcish Mines
 30299 | Orc:1    | Noticed Harold
 30302 | Orc:1    | Noticed Nergalle
 30305 | Orc:1    | Killed Harold
 30313 | Orc:1    | Killed Nergalle
 31126 | Orc:2    | Entered Level 2 of the Orcish Mines
 31156 | Orc:2    | Received a gift from Trog
 31511 | Orc:2    | Paralysed by an orc sorcerer for 5 turns
 31806 | Orc:2    | Found Rioj's Magic Scroll Emporium.
 31806 | Orc:2    | Found a frozen archway.
 32320 | Orc:2    | Bought a scroll of acquirement for 676 gold pieces
 32320 | Orc:2    | Acquired 823 gold pieces
 32481 | Orc:2    | Found a staircase to the Elven Halls.
 32505 | Orc:2    | Reached XP level 16. HP: 118/157 MP: 15/15
 32521 | Orc:2    | Reached skill level 10 in Maces & Flails
 32872 | Orc:2    | Found Iqoaz's Armour Emporium.
 32872 | Orc:2    | Found Ciqas's Antique Weapon Shop.
 32874 | Orc:2    | Found Quqel's Magic Scroll Boutique.
 32876 | Orc:2    | Found Tegoj's Jewellery Shoppe.
 32880 | Orc:2    | Bought the +0 hat of Edik {rPois rCorr} for 249 gold pieces
 32893 | Orc:2    | Bought an amulet of faith for 600 gold pieces
 33150 | Spider:1 | Entered Level 1 of the Spider Nest
 34705 | Spider:1 | Received a gift from Trog
 34734 | Spider:1 | Blown up by an orb spider

Illustrated notes

Levels and vault maps discovered:
D:1:      scummos_arrival_simple_crosswalls, layout_basic, serial_shops,
          nicolae_shop_overgrown_old_shop
D:2:      layout_rooms, uniq_sigmund
D:3:      layout_basic, shapermc_ecumenical_altar_pompeii,
          gup_sewer_entry_glass, uniq_jessica
D:4:      nicolae_cairo_tiling, layout_basic, serial_bayou_pond_a,
          uniq_eustachio, uniq_blork_the_orc
D:5:      layout_basic
D:6:      layout_rooms, nicolae_ossuary_entry_plus, nicolae_shop_fire_sale
          [nicolae_sub_dead_trees], uniq_grinder, uniq_menkaure
D:7:      layout_basic, mainiacjoe_overflow_24_doors, lemuel_temple_firewalk_a,
          uniq_duvessa
D:8:      gammafunk_cloud_chamber, layout_loops_corners,
          erik_lair_orcish_takeover, serial_shops, shop
D:9:      layout_cave_pods, erik_orc_2, special_room [special_room_orc],
          uniq_prince_ribbit1
D:10:     layout_basic, nooodl_orcs_dogs
D:11:     layout_basic, nicolae_sif_muna_condensation
D:12:     layout_roguey, gammafunk_ghost_cemetery, serial_rivers,
          chequers_serial_rivers_large_a, chequers_serial_rivers_room_b,
          chequers_serial_rivers_room_b, chequers_serial_rivers_micro_e,
          nicolae_shop_clearance
D:13:     minmay_the_grid_plus [minmay_the_grid_gridbox,
          minmay_the_grid_holed_spiral, minmay_the_grid_rooms,
          minmay_the_grid_minigrid_medium,
          minmay_the_grid_prize_shrinking_boxes], layout_cave_pods,
          david_vaults_1, uniq_sonja, uniq_snorg
D:14:     layout_basic, serial_bayou_shore_a
D:15:     hangedman_depths_entry_try_elsewhere_first, layout_loops_corners,
          minmay_misc_feat_pillars, minmay_shop_mayhem, uniq_agnes,
          uniq_roxanne, uniq_kirke
Lair:1:   layout_big_grid, lemuel_fruit_fields
Lair:2:   hellmonk_warped_wall, layout_chaotic_city, minmay_shoals_entry_beasts,
          ebering_ghost_xom, evilmike_ambush [evilmike_ambush_outer_basic,
          evilmike_ambush_inner_basic]
Lair:3:   layout_loops_ring, pond, lemuel_fruit_tree
Lair:4:   layout_roguey [special_room_bee], nicolae_spider_entry_orb_guardian,
          chequers_serial_rivers_micro_e, patterned_corridor
Lair:5:   cheibrodos_lair_overgrown_chateau, layout_regular_city
Lair:6:   grunt_lair_end_beastmaster, layout_loops_ring, slime_altar_1,
          serial_bayou_crossing
Spider:1: layout_spider_delve
Orc:1:    layout_diamond_mine, special_room [special_room_orc], uniq_nergalle,
          uniq_harold
Orc:2:    st_orc_rangers, layout_caves, portal_ice_cave_rime, serial_shops, shop

Skill      XL: |  1  2  3  4  5  6  7  8  9 10 11 12 13 14 15 16 |
---------------+-------------------------------------------------+-----
Axes           | 4 5 6 7 8 10 12 14 | 14.4
Fighting       | 4 5 6 7 9 10 12 14 15 16 18 | 18.4
Armour         | 3 4 5 6 7 9 10 12 14 16 18 20 | 20.9
Maces & Flails | 2 7 9 11 | 11.2
Dodging        | 7 11 14 15 | 15.7

Action                   |  1- 3 |  4- 6 |  7- 9 | 10-12 | 13-15 | 16-18 || total
-------------------------+-------+-------+-------+-------+-------+-------++-------
Melee: Hand axe          |    52 |    60 |       |       |       |       ||   112
       Headbutt          |     5 |    19 |    52 |   136 |   328 |    17 ||   557
       Punch             |     1 |     1 |     1 |    11 |    32 |       ||    46
       War axe           |       |    62 |   290 |   151 |       |       ||   503
       Demon whip        |       |       |       |   517 |  1061 |       ||  1578
       Great mace        |       |       |       |       |   127 |    78 ||   205
Throw: Javelin           |       |       |     1 |     3 |     6 |    19 ||    29
Invok: Berserk           |     1 |     3 |    13 |    13 |     6 |     1 ||    37
       Trog's Hand       |       |     2 |     4 |     7 |     7 |     1 ||    21
       Brothers in Arms  |       |       |       |     1 |     1 |       ||     2
Evoke: Wand              |       |       |       |       |     2 |     3 ||     5
  Use: Scroll            |       |     7 |    10 |     3 |     6 |       ||    26
       Potion            |       |     1 |     5 |     3 |     5 |     2 ||    16
 Stab: Sleeping          |     1 |       |       |       |       |       ||     1
       Petrified         |       |       |       |       |     2 |       ||     2
Armor: Animal skin       |     9 |    21 |    27 |       |       |       ||    57
       Plate armour      |       |       |    74 |   253 |   499 |    72 ||   898
Dodge: Dodged            |    39 |    77 |   118 |   186 |   540 |    97 ||  1057
Block: Other             |       |       |    41 |   116 |   220 |     9 ||   386
       Reflection        |       |       |     3 |     5 |    21 |     6 ||    35
